 Dungeon Crawl Stone Soup version 0.30-a0-782-ge64f9170bb (webtiles) character file.

Game seed: 10187678777453435362

642 sanka the Cleaver (level 7, -1/66 HPs)
             Began as a Hill Orc Monk on Mar 18, 2023.
             Succumbed to a killer bee's poison
             ... on level 5 of the Dungeon.
             The game lasted 00:06:33 (5813 turns).

sanka the Cleaver (Hill Orc Monk)                   Turns: 5813, Time: 00:06:34

Health: -1/66      AC:  7    Str: 16    XL:     7   Next: 51%
Magic:  7/7        EV: 11    Int: 10    God:
Gold:   268        SH:  0    Dex: 13    Spells: 6/6 levels left

rFire   . . .      SeeInvis .    a - +0 hand axe
rCold   . . .      Faith    .    (no shield)
rNeg    . . .      Spirit   .    h - +0 ring mail
rPois   .          Reflect  .    (no helmet)
rElec   .          Harm     .    F - +0 cloak
rCorr   .          Rampage  .    (no gloves)
Will    .....                    B - +0 pair of boots
Stlth   +                        (no amulet)
HPRegen 0.31/turn                (no ring)
MPRegen 0.10/turn                (no ring)

@: lethally poisoned (-1 -> -13)
A: no striking features
a: no special abilities


You were on level 5 of the Dungeon.
You visited 1 branch of the dungeon, and saw 6 of its levels.

You collected 268 gold pieces.


   Skills:
 + Level 7.2 Fighting
 * Level 8.8 Axes
 - Level 2.4 Dodging
 - Level 1.5 Stealth


You had 6 spell levels left.
You didn't know any spells.
Your spell library contained the following spells:

 Spells                   Type           Power      Damage    Failure   Level
 Beastly Appendage        Tmut           0%         N/A       58%         1
 Wereblood                Tmut           0%         N/A       73%         2
 Dazzling Flash           Conj/Hex       0%         N/A       91%         3
 Spider Form              Tmut/Pois      0%         N/A       91%         3
 Iskenderun's Mystic Bla  Conj/Tloc      0%         2d3       100%        4
 Starburst                Conj/Fire      0%         6d3       100%        6

Inventory:

Hand Weapons
 a - a +0 hand axe (weapon)
Armour
 b - a +0 robe
 h - a +0 ring mail (worn)
 B - a +0 pair of boots (worn)
 F - a +0 cloak (worn)
Magical Staves
 i - a staff of fire
Jewellery
 j - a ring of magical power
 p - a ring of fire
Wands
 G - a wand of roots (8)
Scrolls
 d - 3 scrolls of poison {unknown}
 e - a scroll of amnesia {unknown}
 f - 2 scrolls of immolation {unknown}
 g - 8 scrolls of identify {unknown}
 k - 3 scrolls of noise {unknown}
 l - a scroll of butterflies {unknown}
 m - 2 scrolls of vulnerability {unknown}
 o - a scroll of enchant weapon {unknown}
 q - a scroll of teleportation {@r4}
 s - 2 scrolls of blinking {unknown}
 y - a scroll of magic mapping {unknown}
 z - 2 scrolls of brand weapon {unknown}
 A - a scroll of silence {unknown}
 C - a scroll of enchant armour {unknown}
Potions
 n - 3 potions of lignification {unknown}
 r - a potion of magic {unknown}
 t - 3 potions of curing {@q1}
 u - 2 potions of attraction {unknown}
 v - 2 potions of brilliance {unknown}
 w - 2 potions of cancellation {unknown}
 x - a potion of might {unknown}
 D - a potion of haste {unknown}
 E - a potion of heal wounds {unknown}

Dungeon Overview and Level Annotations

Branches:
Dungeon (6/15)             Temple (0/1) D:6

Altars:
Dithmenos
Sif Muna
Yredelemnul

Shops:
D:2

= ▒............▒▒▒▒▒▒▒
▒.......... ▒...▒▒..▒.▒▒.▒▒....▒
▒▒...▒▒▒▒▒▒.
▒...▒▒..▒.▒▒.▒▒.▒▒.▒▒▒.....▒ ▒▒
▒..▒▒▒....▒▒.▒▒.▒▒.▒▒.▒▒▒..▒ ▒
..▒▒ ▒▒.▒▒▒▒.......▒▒.▒▒▒..▒▒ ▒
..▒▒▒▒▒.▒....▒▒▒▒...........▒
..........▒........▒.▒▒.▒.▒.▒▒▒
▒▒...................▒▒.▒.....▒ ▒
▒▒...♣.♣........oy<.....▒▒▒.▒▒▒ ▒
.▒..♣..♣)......y▒▒)▒....▒▒▒.▒▒▒▒▒
......................▒..........
.....♣.......▒..▒.......▒▒▒▒▒▒▒▒.
▒...............▒.▒▒▒.▒▒▒ ▒▒▒.
...............▒▒.▒▒▒.▒▒▒▒▒▒▒▒...
.............▒.▒▒........▒▒......
...▒▒▒....▒.▒▒.▒▒▒.▒▒▒▒▒▒▒▒......
▒▒▒.........▒▒▒▒▒▒.▒ ▒▒▒▒▒..▒▒▒..


You could see 2 killer bees.


Message History

The killer bee stings you.
* * * LOW HITPOINT WARNING * * *
The killer bee barely misses you.
Unknown command.
You closely miss the killer bee. You closely miss the killer bee.
You feel sick. The killer bee closely misses you. The killer bee misses you.
The killer bee stings you!
* * * LOW HITPOINT WARNING * * *
You are more poisoned.
The killer bee poisons you! The killer bee stings you!
* * * LOW HITPOINT WARNING * * *
You hit the killer bee.
The killer bee is moderately wounded.
You hit the killer bee but do no damage.
* * * LOW HITPOINT WARNING * * *
You feel very sick. The killer bee barely misses you.
The killer bee stings you.
* * * LOW HITPOINT WARNING * * *
The killer bee closely misses you. The killer bee barely misses you.
Unknown command.
You miss the killer bee.
The killer bee is moderately wounded.
You miss the killer bee.
You die...

Action                     |  1- 3 |  4- 6 |  7- 9 || total
---------------------------+-------+-------+-------++-------
  Melee: Hand axe          |    92 |   252 |    77 ||   421
         Punch             |       |     1 |     1 ||     2
    Use: Scroll            |       |       |     2 ||     2
         Potion            |       |       |     2 ||     2
   Stab: Sleeping          |     1 |       |       ||     1
 Armour: Robe              |     1 |       |       ||     1
         Ring mail         |    18 |    84 |    38 ||   140
  Dodge: Dodged            |    55 |   156 |    79 ||   290

Levels and vault maps discovered:
D:1:      dpeg_arrival_short_road, layout_basic, minmay_misc_feat_tiny
D:2:      minmay_alternating_diamond, layout_loops_ring, serial_shops,
          nicolae_shop_hallway_plus
D:3:      layout_loops_ring, serial_aquarium, aquarium_bridge_long_joined
          [aquarium_subvault_window, aquarium_subvault_window,
          aquarium_subvault_wall, aquarium_subvault_window,
          aquarium_subvault_bridge, aquarium_subvault_bridge],
          aquarium_window_fake, aquarium_window_2, aquarium_window_corridor_3,
          aquarium_view_2c, aquarium_balcony_1a, aquarium_pool_S,
          hellmonk_ecumenical_altar_arch_garden, kennysheep_generic_room_13
D:4:      cheibrodos_old_hovel, layout_rooms, mainiacjoe_overflow_swirl
D:5:      layout_basic, kennysheep_mini, chequers_garden
D:6:      layout_basic, minmay_temple_entry_glass

Notes
Turn   | Place    | Note
-------+----------+-------------------------------------------
     0 | D:1      | sanka the Hill Orc Monk began the quest for the Orb.
     0 | D:1      | Reached XP level 1. HP: 19/19 MP: 1/1
   159 | D:1      | Reached skill level 4 in Fighting
   159 | D:1      | Reached XP level 2. HP: 5/27 MP: 2/2
   836 | D:1      | Reached XP level 3. HP: 29/34 MP: 3/3
  1142 | D:2      | Reached skill level 5 in Axes
  1232 | D:2      | Found Emox's Jewellery Shoppe.
  1512 | D:2      | Reached XP level 4. HP: 38/41 MP: 4/4
  1528 | D:2      | Reached skill level 5 in Fighting
  2142 | D:3      | Reached XP level 5. HP: 40/48 MP: 5/5
  2269 | D:3      | Reached skill level 6 in Axes
  2500 | D:3      | Found a faded altar of an unknown god.
  3627 | D:4      | Found a shadowy altar of Dithmenos.
  3636 | D:4      | Found a shimmering blue altar of Sif Muna.
  3690 | D:4      | Reached skill level 6 in Fighting
  3690 | D:4      | Reached XP level 6. HP: 40/57 MP: 6/6
  4038 | D:5      | Entered Level 5 of the Dungeon
  4066 | D:5      | Reached skill level 7 in Axes
  4655 | D:5      | Reached skill level 8 in Axes
  4655 | D:5      | Reached XP level 7. HP: 28/64 MP: 7/7
  4832 | D:5      | Found a basalt altar of Yredelemnul.
  5103 | D:6      | Reached skill level 7 in Fighting
  5403 | D:6      | Found a staircase to the Ecumenical Temple.
  5812 | D:5      | HP: 6/66 [poisoned by a killer bee]
  5812 | D:5      | HP: 2/66 [killer bee (4)]
  5813 | D:5      | Succumbed to a killer bee's poison

Vanquished Creatures
  An ice beast (D:6)
  A scorpion (D:4)
  2 hounds
  A jelly (D:5)
  A gnoll bouda (D:3)
  6 iguanas
  3 gnolls
  12 adders
  An ufetubus (D:6)
  3 orcs
  8 endoplasms
  A giant cockroach (D:3)
  5 goblins
  9 hobgoblins
  8 jackals
  4 kobolds
  3 quokkas
  4 ball pythons
  7 bats
  6 frilled lizards
  4 rats
90 creatures vanquished.
